 Seeded DCSS version 0.29.1-15-g9cfb28693d (webtiles) character file.

Game seed: 1 (custom seed)

60 Kazon the Shooter (level 3, 0/30 HPs)
             Began as a Draconian Hunter on Feb 24, 2023.
             Slain by a gnoll
             ... wielding a +0 halberd
              (2 damage)
             ... on level 2 of the Dungeon on Feb 27, 2023.
             The game lasted 00:08:07 (1444 turns).

Kazon the Shooter (Draconian Hunter)                Turns: 1444, Time: 00:08:08

Health: 0/30       AC:  8    Str: 13    XL:     3   Next: 82%
Magic:  3/3        EV: 12    Int: 11    God:
Gold:   180        SH:  0    Dex: 16    Spells: 2/2 levels left

rFire   . . .      SeeInvis .   e - +2 dagger (venom)
rCold   . . .      Faith    .   (no shield)
rNeg    + . .      Spirit   .   (body armour unavailable)
rPois   .          Reflect  .   (helmet restricted)
rElec   .          Harm     .   (no cloak)
rCorr   +          Rampage  .   (no gloves)
Will    .....                   j - +2 pair of boots
Stlth   ++........              d - amulet of the acrobat
HPRegen 0.10/turn               c - ring "Fetsol" {rN+ rCorr Dex+2}
MPRegen 0.08/turn               (no ring)

@: no status effects
A: AC +5, unfitting armour, cold-blooded
a: no special abilities


You were on level 2 of the Dungeon.
You visited 1 branch of the dungeon, and saw 3 of its levels.

You collected 180 gold pieces.

Inventory:

Hand Weapons
 e - a +2 dagger of venom (weapon)
 w - a +0 shortbow
Missiles
 h - 21 stones (quivered)
 k - 3 boomerangs
Armour
 j - a +2 pair of boots (worn)
Jewellery
 c - the ring "Fetsol" (left hand) {rN+ rCorr Dex+2}
   (You acquired it on level 1 of the Dungeon)

   [ring of positive energy]

   Dex:       It affects your dexterity (+2).
   rN:        It protects you from negative energy.
   rCorr:     It protects you from acid and corrosion.
 d - an amulet of the acrobat (around neck)
Scrolls
 i - 2 scrolls of immolation
 l - 2 scrolls of identify {unknown}
Potions
 a - a potion of attraction {unknown}
 b - a potion of berserk rage {unknown}
 f - a potion of flight {unknown}
 g - a potion of haste {unknown}


   Skills:
 + Level 2.5 Fighting
 + Level 0.5 Short Blades
 + Level 4.6 Ranged Weapons
 + Level 1.9 Dodging
 + Level 1.2 Stealth


You had 2 spell levels left.
You didn't know any spells.
Your spell library contained the following spells:

 Spells                   Type           Power      Damage    Failure   Level
 Apportation              Tloc           0%         N/A       34%         1
 Necrotise                Necr           0%         1d4       34%         1
 Sting                    Tmut/Pois      0%         1d3       34%         1
 Summon Small Mammal      Summ           0%         N/A       34%         1
 Poisonous Vapours        Pois/Air       0%         N/A       47%         2
 Olgreb's Toxic Radiance  Pois           0%         N/A       98%         4


Dungeon Overview and Level Annotations

Branches:
Dungeon (3/15)

Altars:


Innate Abilities, Weirdness & Mutations

Your plain brown scales are hard. (AC +5)
You cannot fit into any form of body armour.
You are cold-blooded and may be slowed by cold attacks.


Message History

Fire: w) +0 shortbow
Press: ? - help, Q - select action, (/) - cycle Shift-Dir - straight line, f/p - gnoll
Aim: a gnoll, wielding a +0 halberd (66% to hit)
You shoot an arrow. The arrow barely misses the gnoll.
The gnoll hits you from afar with a +0 halberd!
Unknown command.
Fire: w) +0 shortbow
Press: ? - help, Q - select action, (/) - cycle Shift-Dir - straight line, f/p - gnoll
Aim: a gnoll, wielding a +0 halberd (66% to hit)
You shoot an arrow. The arrow hits the gnoll.
The gnoll is moderately wounded.
The gnoll closely misses you.
Fire: w) +0 shortbow
Press: ? - help, Q - select action, (/) - cycle Shift-Dir - straight line, f/p - gnoll
Aim: a gnoll, wielding a +0 halberd (moderately wounded, 66% to hit)
You shoot an arrow.
The arrow hits the gnoll but does no damage.
The gnoll is moderately wounded.
The gnoll barely misses you.
Fire: w) +0 shortbow
Press: ? - help, Q - select action, (/) - cycle Shift-Dir - straight line, f/p - gnoll
Aim: a gnoll, wielding a +0 halberd (moderately wounded, 66% to hit)
You shoot an arrow. The arrow hits the gnoll.
The gnoll is moderately wounded.
A gnoll comes into view. It is wielding a +0 spear.
The gnoll hits you from afar with a +0 halberd.
The gnoll barely misses you.
Your +2 dagger of venom begins to drip with poison!
e - a +2 dagger of venom (weapon)
The gnoll misses you.
You closely miss the gnoll.
The gnoll is moderately wounded.
The gnoll hits you with a +0 halberd!
* * * LOW HITPOINT WARNING * * *
The gnoll shouts!
You hit the gnoll.
The gnoll is severely wounded.
You hear a shout!
The gnoll hits you with a +0 halberd.
You die...

#### #.# #.# ...# #.# #.#
#..# #.# #.# #..###### #.#
#.####### ........####.#
#........ .............#
#...#####
#..####.###################.#
#..####.......†...).....# #.#
#...............@######.# #.#
#..#############g######.###.#
##.# ...#.......#># #.#
##g.#.###.#.#.# #.# #..#
#.#.#.# #.# #..# #...#.# #.#
#... ##).#.# ##.# #...
#..#.## ...# #.....#


You could see 2 gnolls.

Vanquished Creatures
  2 adders (D:2)
  A worm (D:2)
  7 endoplasms
  A giant cockroach (D:1)
  7 goblins
  4 hobgoblins
  3 kobolds
  A quokka (D:1)
  2 ball pythons (D:2)
  3 bats
  2 frilled lizards (D:2)
  4 rats
37 creatures vanquished.

Notes
Turn   | Place    | Note
-------+----------+-------------------------------------------
     0 | D:1      | Kazon the Draconian Hunter began the quest for the Orb.
     0 | D:1      | Reached XP level 1. HP: 17/17 MP: 1/1
    32 | D:1      | Identified a scroll of acquirement
    32 | D:1      | Acquired the ring "Fetsol" {rN+ rCorr Dex+2}
   129 | D:1      | Reached skill level 4 in Ranged Weapons
   146 | D:1      | Reached XP level 2. HP: 24/24 MP: 2/2
   928 | D:2      | Reached XP level 3. HP: 30/30 MP: 3/3
  1052 | D:2      | Reached skill level 1 in Stealth
  1058 | D:2      | You fall into a shaft and drop 1 floor!
  1444 | D:2      | Slain by a gnoll

Illustrated notes

Levels and vault maps discovered:
D:1:      dpeg_arrival_three_smaller_balls, layout_basic
D:2:      layout_loops_ring
D:3:      layout_basic, serial_shops, nicolae_shop_stone, st_stairs_9,
          minmay_misc_feat_doors, eino_curves_03, uniq_robin

Skill      XL: |  1  2  3 |
---------------+----------+-----
Ranged Weapons | 4 |  4.6
Stealth        | 1 |  1.2
Fighting       | |  2.5
Short Blades   | |  0.5
Dodging        | |  1.9

Action                   || total
-------------------------++-------
Melee: Dagger            ||    66
       Tailslap          ||     7
       Punch             ||     1
 Fire: Shortbow          ||    69
Throw: Stone             ||     1
  Use: Scroll            ||     1
 Stab: Sleeping          ||     3
Armor: Skin              ||    27
Dodge: Dodged            ||    64
